Map: Nightshade LE

Players

JohnnyV - Winner!

  • Race: Terran Terran
  • League: Silver
  • Spawn Location: 5:00

OwO

  • Race: Terran Terran
  • Spawn Location: 11:00

VOD

Have the link to the VOD?

Description

Time

  • Played on: May 16, 2020, 6:41 p.m.
  • Length: 8:58
Show
View Real Time Build Order
Export as new Build Order

JohnnyV Terran - Winner!

Build Orders: Gas First Reaper Expand 

Get SALT Encoding   

  12  0:01  SCV  
  13  0:16  Supply Depot  
  13  0:17  SCV  
  14  0:27  Refinery  
  14  0:30  SCV  
  15  0:41  Barracks  
  15  0:45  SCV  
  16  0:57  SCV  
  17  1:04  Supply Depot  
  17  1:09  SCV  
  18  1:21  SCV  
  19  1:30  Reaper  
  20  1:34  SCV  
  21  1:43  Bunker  
  21  1:46  Orbital Command  
  21  1:54  Refinery  
  21  2:07  Barracks Tech Lab  
  21  2:13  Factory  
  21  2:46  Bunker  
  19  3:09  Barracks Reactor  
  19  3:17  Starport  
  19  3:20  Starport  
  19  3:25  Command Center  
  19  3:38  Siege Tank  
  22  3:45  SCV  
  23  3:48  Marine x2  
  25  3:57  Starport Tech Lab  
  25  3:58  SCV, Starport Tech Lab  
  26  4:05  Supply Depot  
  26  4:10  SCV  
  26  4:14  Engineering Bay  
  27  4:17  Marine x2  
  27  4:22  SCV  
  30  4:33  Siege Tank  
  30  4:34  SCV  
  30  4:38  SCV  
  35  4:40  Refinery  
  35  4:41  Refinery  
  35  4:46  SCV  
  35  4:49  Fusion Core  
  37  4:58  SCV  
  38  5:02  Orbital Command  
  37  5:10  SCV  
  37  5:12  Marine  
  37  5:13  Marine  
  40  5:22  SCV  
  41  5:34  SCV  
  42  5:40  Battlecruiser  
  48  5:43  SCV  
  48  5:46  SCV  
  50  5:55  SCV  
  51  5:59  SCV  
  52  6:07  Supply Depot  
  52  6:14  Supply Depot  
  52  6:17  SCV  
  53  6:19  SCV  
  54  6:28  Battlecruiser  
  54  6:29  SCV  
  61  6:36  Siege Tank  
  61  6:37  SCV  
  65  6:41  SCV  
  66  6:50  Supply Depot  
  66  6:51  Weapon Refit  
  66  7:11  Battlecruiser  
  66  7:14  Supply Depot  
  72  7:17  Supply Depot  
  72  7:53  Marine x2  
  72  7:54  Siege Tank  
  83  8:10  Marine  
  83  8:11  Marine  
  91  8:26  Siege Tank  
  88  8:32  Marine x2  
Show
View Real Time Build Order
Export as new Build Order

OwO Terran 

Build Orders:  

Get SALT Encoding   

  12  0:15  Supply Depot  
  12  0:20  Refinery  
  12  0:25  Refinery  
  12  0:31  SCV  
  13  0:46  Barracks  
  13  0:55  SCV  
  14  1:07  SCV  
  15  1:19  SCV  
  16  1:31  SCV  
  17  1:37  Factory  
  17  1:43  SCV  
  18  1:48  Supply Depot  
  18  1:51  Supply Depot  
  18  1:55  SCV  
  18  1:58  Marine  
  20  2:08  SCV  
  21  2:33  Starport  
  21  2:41  Marine  
  21  2:44  Widow Mine  
  23  2:59  Marine  
  23  3:05  Widow Mine  
  26  3:16  Marine  
  27  3:26  Widow Mine  
  27  3:27  SCV  
  30  3:34  Marine  
  30  3:39  SCV  
  32  3:45  Armory  
  32  3:48  Widow Mine  
  34  3:49  Fusion Core  
  34  3:51  SCV  
  34  3:52  Marine  
  36  4:02  Starport Tech Lab  
  36  4:09  Widow Mine  
  38  4:10  Marine  
  39  4:21  Orbital Command  
  39  4:47  Weapon Refit  
  39  6:13  Supply Depot  
  39  6:15  Supply Depot  
  39  6:16  Supply Depot  
  39  6:18  Supply Depot  
  39  6:35  Battlecruiser  
  45  6:43  Command Center  
  45  6:46  Refinery  
  45  6:47  Refinery  
  45  6:53  Factory Tech Lab  
  29  7:39  Battlecruiser  
Tags
 
Add a new tag
Caveats
  • Supply blocks, unpowered buildings, or Contaminate may cause inaccurate times.
  • Supply counts are checked every 10 seconds.